 Dungeon Crawl Stone Soup version 0.24.0-1-gfbc8707122 (webtiles) character file.

Game seed: 3545825274797448127, levelgen mode: deterministic

133 Descartes the Sneak (level 4, -3/19 HPs)
             Began as a Felid Enchanter on Oct 26, 2019.
             Slain by an orc
             ... wielding a +0 dagger
              (4 damage)
             ... on level 3 of the Dungeon.
             The game lasted 00:13:19 (5723 turns).

Descartes the Sneak (Felid Enchanter)               Turns: 5723, Time: 00:13:19

Health: -3/19      AC:  1    Str:  5    XL:     4   Next: 94%
Magic:  8/8        EV: 19    Int: 16    God:
Gold:   164        SH:  0    Dex: 16    Spells: 2/8 levels left
                                        Lives:  0   Deaths: 1

rFire    . . .     SeeInvis +     - Unarmed
rCold    . . .     Gourm    .   (shield unavailable)
rNeg     . . .     Faith    .   (armour unavailable)
rPois    .         Spirit   .   (helmet unavailable)
rElec    .         Reflect  .   (cloak unavailable)
rCorr    .         Harm     .   (gloves unavailable)
MR       .....                  (boots unavailable)
Stlth    ++++......             (no amulet)
HPRegen  0.06/turn              (no ring)
MPRegen  0.11/turn              (no ring)

@: quick
A: very small, no armour, no weapons or thrown items, stealth, claws 1, fangs 3,
see invisible, carnivore, speed 1, shaggy fur 1, slow metabolism 1, sharp paws
a: no special abilities


You were on level 3 of the Dungeon.
You were completely stuffed.

You visited 1 branch of the dungeon, and saw 3 of its levels.

You collected 164 gold pieces.

Inventory:

Missiles
 e - 134 stones
Wands
 h - a wand of iceblast (6)
Scrolls
 a - 2 scrolls of identify {unknown}
 g - a scroll of immolation
 i - a scroll of fog {unknown}
 j - 2 scrolls of enchant armour {unknown}
Potions
 c - a potion of flight {unknown}
 d - a potion of might {unknown}
 f - 3 potions of curing {unknown}
 k - a potion of brilliance {unknown}
 l - a potion of mutation {unknown}
 m - a potion of lignification {unknown}
Comestibles
 b - 8 rations
 n - a chunk of flesh


   Skills:
 + Level 1.4 Fighting
 + Level 3.8 Dodging
 * Level 5.6 Stealth
 * Level 2.9 Unarmed Combat
 + Level 2.5 Spellcasting
 - Level 5.0 Hexes


You had 2 spell levels left.
You knew the following spells:

 Your Spells              Type           Power        Failure   Level  Hunger
a - Corona                Hex            ###....      2%          1    #......
b - Ensorcelled Hibernat  Hex/Ice        ##....       11%         2    ##.....
c - Dazzling Spray        Conj/Hex       ##....       21%         3    ###....

Your spell library contained the following spells:

 Spells                   Type           Power        Failure   Level  Hunger
 Confuse                  Hex            ###.....     8%          3    ###....
 Tukima's Dance           Hex            ###.....     8%          3    ###....


Dungeon Overview and Level Annotations

Branches:
Dungeon (3/15)

Altars:
Okawaru
Qazlal


Innate Abilities, Weirdness & Mutations

You cannot wear armour.
You are incapable of wielding weapons or throwing items.
Your paws allow you to move quietly. (Stealth)
You have sharp claws.
You have razor-sharp teeth.
You have supernaturally acute eyesight. (SInv)
You are carnivorous and can eat meat at any time.
You cover ground quickly.
You are covered in fur. (AC +1)
You have a slow metabolism.
Your sharp claws are effective at attacking unaware monsters.


Message History

You kill the orc!
The orc misses you. The orc completely misses you.
You scratch the orc but do no damage.
The orc is heavily wounded.
The orc hits you with a +0 dagger.
You barely miss the orc.
The orc is heavily wounded.
The orc misses you.
You barely miss the orc. You bite the orc, but do no damage.
The orc is heavily wounded.
The orc closely misses you.
You scratch the orc but do no damage. Your bite misses the orc.
The orc is heavily wounded.
The orc hits you with a +0 dagger.
* * * LOW HITPOINT WARNING * * *
You scratch the orc but do no damage.
The orc is heavily wounded.
The orc hits you with a +0 dagger.
You die...

.### ###..##..#.#.###.######)####
...# ##....# #...........)....
##.# #....## #.....##.........
##.## ###...#_ #...>.##.<.......
....####)...##.##.....##.........
.........####...##.[..##.........
........## # #.)#....###....####
..รท...<.##.# #o#....###....#
..........# #@#....#......#
........### #.##.#...#....#
.#.####.# #..'....##....# .#.#
#.### #.##...######## ##.. #.#.#
#.#...## ##.# #...# #.##.## .#
##### ..##.# .# .###.# .. .# #.#


You could see an orc.

Vanquished Creatures
  A crimson imp (D:3)
  Ijyb (D:2)
  3 gnolls
  3 adders (D:2)
  An ooze (D:2)
  A worm (D:2)
  A leopard gecko (D:1)
  2 orcs (D:3)
  5 giant cockroaches
  7 goblins
  8 hobgoblins
  12 jackals
  A ball python (D:1)
  9 bats
  8 frilled lizards
  9 kobolds
  3 rats
75 creatures vanquished.

Notes
Turn   | Place    | Note
-------+----------+-------------------------------------------
     0 | D:1      | Descartes the Felid Enchanter began the quest for the Orb.
     0 | D:1      | Reached XP level 1. HP: 7/7 MP: 4/4
   429 | D:1      | Reached XP level 2. HP: 11/11 MP: 4/6
  1089 | D:1      | Learned a level 2 spell: Ensorcelled Hibernation
  1606 | D:1      | Reached XP level 3. HP: 13/15 MP: 7/7
  2227 | D:2      | Learned a level 3 spell: Dazzling Spray
  2575 | D:2      | Found a stormy altar of Qazlal.
  2613 | D:2      | Reached skill level 5 in Hexes
  3387 | D:2      | Reached XP level 4. HP: 18/18 MP: 6/8
  3786 | D:3      | Reached skill level 1 in Fighting
  3786 | D:3      | Reached skill level 5 in Stealth
  4563 | D:3      | Noticed Ijyb
  4852 | D:2      | Slain by Ijyb
  4853 | D:2      | Reached XP level 3. HP: -1/15 MP: 7/7
  4903 | D:2      | Killed Ijyb
  4903 | D:2      | Reached XP level 4. HP: 3/19 MP: 8/8
  5697 | D:3      | Found an iron altar of Okawaru.
  5697 | D:3      | Found a faded altar of an unknown god.
  5723 | D:3      | Slain by an orc

Levels and vault maps discovered:
D:1:      saegor_arrival_miasma, layout_basic, kennysheep_boxes
D:2:      layout_loops_cross, chequers_serial_rivers_small_a,
          nicolae_qazlal_eye_of_the_storm
D:3:      layout_rooms, chequers_temple_overflow_minitemple, first_ration,
          uniq_ijyb

Skill      XL: |  1  2  3  4 |
---------------+-------------+-----
Dodging        | 3 |  3.8
Hexes          | 5 |  5.0
Unarmed Combat | 2 |  2.9
Fighting       | 1 |  1.4
Stealth        | 5 |  5.6
Spellcasting   | |  2.5

Action                   |  1- 3 |  4- 6 || total
-------------------------+-------+-------++-------
Melee: Unarmed           |   220 |   149 ||   369
       Bite              |    11 |    14 ||    25
       Punch             |     1 |     1 ||     2
 Cast: Corona            |    58 |    11 ||    69
  Use: Scroll            |       |     3 ||     3
 Stab: Sleeping          |       |     3 ||     3
       Distracted        |       |     1 ||     1
  Eat: Chunk             |    14 |     9 ||    23
Armor: Skin              |    18 |     3 ||    21
Dodge: Dodged            |   229 |   121 ||   350
